Map: 벨시르 잔재 (공허)

Players

Impact

  • Race: Zerg Zerg
  • Spawn Location: 11:00

jjakji - Winner!

  • Race: Terran Terran
  • Spawn Location: 5:00

Event: IEM XI Katowice - World Championship 2017

VOD

Have the link to the VOD?

Description

Time

  • Played on: Feb. 28, 2017, 9:16 a.m.
  • Length: 13:31

All games in this series

Show
View Real Time Build Order
Export as new Build Order

Impact Zerg 

Build Orders: Hatch First 

Get SALT Encoding   

  12  0:00  Drone  
  13  0:13  Overlord  
  13  0:17  Drone  
  14  0:31  Drone x2  
  17  0:35  Drone  
  17  0:51  Hatchery  
  17  0:54  Drone  
  17  0:57  Drone  
  17  1:02  Extractor  
  17  1:12  Spawning Pool  
  17  1:16  Drone  
  17  1:19  Drone  
  18  1:29  Drone  
  19  1:39  Overlord  
  19  1:59  Zergling x2, Queen  
  19  2:01  Zergling x2  
  23  2:03  Metabolic Boost, Queen  
  23  2:05  Zergling x2  
  26  2:12  Drone  
  26  2:14  Drone  
  28  2:25  Drone  
  29  2:32  Drone  
  29  2:33  Drone  
  29  2:34  Queen  
  33  2:37  Overlord  
  33  2:42  Pneumatized Carapace  
  33  2:46  Drone  
  33  2:48  Drone  
  35  2:55  Drone  
  35  2:57  Drone  
  37  3:07  Drone x3  
  37  3:08  Drone  
  37  3:10  Overlord  
  37  3:11  Drone  
  42  3:14  Drone  
  42  3:19  Drone  
  44  3:29  Hatchery  
  44  3:34  Drone  
  44  3:36  Drone x2  
  46  3:43  Drone x5  
  51  3:50  Roach Warren, Overlord  
  51  3:53  Overlord  
  50  3:56  Zergling x2  
  50  4:01  Extractor x2  
  50  4:02  Evolution Chamber  
  48  4:07  Drone x2  
  48  4:08  Drone  
  50  4:13  Drone  
  50  4:14  Lair  
  51  4:18  Queen  
  51  4:19  Drone x2  
  51  4:20  Drone  
  56  4:25  Overlord  
  56  4:30  Roach x2  
  60  4:36  Zerg Ground Armor Level 1  
  60  4:38  Roach  
  62  4:40  Roach  
  62  4:43  Roach  
  66  4:46  Roach  
  66  4:49  Roach  
  66  4:52  Roach  
  72  4:53  Overlord  
  72  4:56  Drone  
  72  4:57  Spore Crawler  
  72  4:59  Drone  
  73  5:04  Roach x2  
  73  5:07  Overlord  
  77  5:10  Overlord  
  77  5:13  Ravager  
  76  5:19  Roach x2  
  70  5:23  Roach x2  
  70  5:26  Roach  
  70  5:27  Overlord, Roach  
  70  5:31  Roach x2  
  70  5:33  Zergling x2  
  66  5:36  Roach  
  67  5:42  Drone  
  67  5:43  Drone x2  
  67  5:46  Queen  
  67  5:47  Glial Reconstitution  
  69  5:56  Roach x3  
  75  6:00  Queen  
  77  6:10  Roach x2  
  75  6:15  Roach  
  74  6:18  Roach  
  74  6:20  Drone  
  79  6:26  Drone  
  79  6:28  Drone  
  79  6:32  Zerg Missile Weapons Level 1  
  75  6:33  Hatchery  
  75  6:34  Drone  
  75  6:40  Drone  
  75  6:42  Queen  
  75  6:43  Drone  
  79  6:50  Drone, Burrow  
  79  6:52  Extractor  
  79  6:54  Drone x3  
  81  6:59  Drone  
  81  7:00  Drone  
  84  7:05  Drone  
  84  7:06  Tunneling Claws  
  85  7:09  Roach  
  85  7:10  Roach x2  
  85  7:11  Roach  
  85  7:13  Overseer  
  85  7:14  Roach  
  95  7:18  Roach  
  96  7:24  Roach  
  96  7:29  Overlord  
  98  7:32  Overlord  
  98  7:33  Overlord  
  98  7:34  Overlord  
  88  7:37  Roach  
  88  7:41  Drone  
  91  7:45  Overseer  
  91  7:47  Overlord  
  91  7:48  Drone  
  92  7:52  Drone x2  
  92  7:53  Drone  
  92  7:55  Drone  
  92  7:57  Roach, Evolution Chamber  
  93  8:01  Queen, Roach  
  93  8:05  Roach  
  99  8:08  Roach  
  99  8:09  Roach  
  99  8:11  Hatchery  
  102  8:13  Roach  
  102  8:17  Drone  
  105  8:21  Roach  
  105  8:26  Roach  
  109  8:27  Roach  
  109  8:31  Roach  
  109  8:32  Zerg Missile Weapons Level 2, Zerg Ground Armor Level 2  
  109  8:33  Extractor  
  112  8:34  Roach x2  
  112  8:35  Extractor  
  112  8:37  Roach  
  112  8:40  Drone x3  
  120  8:41  Drone  
  120  8:45  Roach  
  123  8:49  Roach x2  
  129  8:55  Roach  
  129  9:02  Roach x4  
  128  9:03  Queen  
  128  9:04  Queen  
  128  9:06  Roach  
  128  9:07  Roach x2  
  126  9:14  Roach  
  126  9:15  Roach x5  
  124  9:22  Roach  
  124  9:23  Roach  
  119  9:25  Roach  
  119  9:30  Roach  
  121  9:33  Roach  
  121  9:37  Drone x2  
  120  9:41  Roach  
  120  9:44  Drone x3  
  120  9:45  Roach x2  
  123  9:46  Roach  
  123  9:48  Extractor  
  123  9:49  Roach  
  123  9:50  Roach  
  126  9:55  Roach x2  
  126  9:57  Drone x2  
  126  9:58  Drone  
  126  9:59  Drone  
  132  10:07  Roach  
  132  10:08  Roach x2  
  132  10:12  Roach  
  140  10:16  Drone  
  140  10:19  Drone  
  140  10:21  Roach x2  
  124  10:24  Drone  
  124  10:26  Drone  
  124  10:27  Drone  
  124  10:30  Roach x10, Ravager x3  
  124  10:33  Drone  
  127  10:36  Drone  
  127  10:37  Ravager  
  129  10:44  Queen  
  129  10:46  Roach  
  133  10:51  Roach x2  
  133  10:54  Roach  
  133  10:55  Roach  
  141  11:00  Drone  
  141  11:01  Drone  
  141  11:02  Overlord x2  
  141  11:03  Overlord  
  143  11:04  Overlord  
  143  11:09  Infestation Pit  
  143  11:10  Overlord  
  142  11:12  Roach  
  144  11:21  Roach x4  
  154  11:25  Roach  
  154  11:26  Roach  
  154  11:29  Roach x2  
  154  11:31  Roach x15  
  154  11:32  Roach x2  
  164  11:35  Roach  
  164  11:36  Roach  
  168  11:40  Roach x2  
  168  11:45  Pathogen Glands  
  172  11:47  Spore Crawler  
  171  11:56  Roach x5  
  171  11:59  Roach  
  171  12:00  Roach  
  171  12:10  Roach x5  
  171  12:13  Roach  
  173  12:19  Roach x5  
  173  12:22  Infestor x2  
  173  12:26  Hatchery, Roach x3  
  178  12:30  Roach x2  
  178  12:36  Infestor  
  175  12:43  Roach  
  175  12:44  Roach x2  
  171  12:47  Ravager x2  
  173  12:51  Ravager  
  173  12:53  Zergling x8  
  173  12:58  Roach x2  
  168  13:02  Roach x2  
  168  13:11  Roach x3  
  122  13:21  Ravager  
Show
View Real Time Build Order
Export as new Build Order

jjakji Terran - Winner!

Build Orders: Reaper Expand, MMM Bio 

Get SALT Encoding   

  12  0:00  SCV  
  13  0:12  SCV  
  14  0:17  Supply Depot  
  14  0:25  SCV  
  15  0:38  SCV  
  15  0:39  Barracks  
  16  0:43  Refinery  
  16  0:50  SCV  
  17  1:02  SCV  
  18  1:15  SCV  
  19  1:26  Reaper  
  19  1:27  Orbital Command  
  20  1:38  Command Center  
  20  1:49  Barracks  
  20  1:52  SCV  
  21  1:59  Barracks Reactor  
  21  2:03  Supply Depot  
  21  2:05  SCV  
  22  2:11  Refinery  
  22  2:17  SCV  
  23  2:27  Factory  
  23  2:29  SCV  
  24  2:36  Marine x2, Barracks Tech Lab  
  26  2:41  SCV  
  27  2:52  Orbital Command  
  27  2:53  SCV  
  27  2:54  Marine x2  
  27  2:57  Stimpack  
  30  3:00  Marine  
  31  3:05  SCV  
  31  3:11  Marine x2  
  34  3:18  Marine, SCV x2  
  37  3:25  Starport  
  37  3:26  Factory Reactor  
  37  3:32  Marine x2  
  39  3:36  Marine, SCV x2  
  39  3:39  Supply Depot  
  42  3:48  SCV x2  
  42  3:50  Marine x2  
  42  3:55  Supply Depot  
  46  4:01  Marine, SCV x2  
  49  4:03  Supply Depot  
  49  4:08  Marine x2  
  50  4:11  Medivac  
  50  4:13  Medivac  
  50  4:17  SCV x2  
  56  4:18  Supply Depot  
  56  4:22  Marine, Engineering Bay  
  57  4:26  Marine x2  
  57  4:29  Engineering Bay  
  59  4:32  SCV  
  59  4:34  SCV  
  61  4:39  Marine  
  61  4:44  Marine x2  
  68  4:49  SCV x2  
  66  4:53  Widow Mine, Medivac  
  66  4:55  Terran Infantry Armor Level 1  
  66  4:56  Supply Depot  
  66  4:57  Marine  
  66  4:59  Terran Infantry Weapons Level 1  
  71  5:02  Marine x2  
  71  5:03  SCV x2  
  72  5:15  Marine  
  72  5:20  Marine x2  
  72  5:24  Command Center  
  71  5:33  Marine  
  71  5:35  SCV x2  
  71  5:37  Marine x2  
  71  5:40  Barracks  
  71  5:41  Barracks  
  71  5:51  Marine, Combat Shields, Factory Reactor  
  71  5:53  SCV  
  71  5:54  SCV  
  71  5:55  Marine x2  
  76  6:01  Barracks  
  76  6:05  Refinery  
  76  6:07  Refinery  
  76  6:08  SCV  
  76  6:09  Marine, Armory  
  75  6:13  Marine x2  
  75  6:16  Medivac  
  79  6:20  Medivac  
  79  6:26  Marine  
  79  6:31  Marine x2  
  82  6:33  Barracks Reactor  
  82  6:34  Supply Depot x2  
  82  6:36  Barracks Reactor  
  81  6:40  SCV x2, Orbital Command  
  81  6:44  Marine, Factory Tech Lab  
  84  6:48  Marine  
  84  6:49  Marine x2  
  84  6:52  SCV x2  
  89  7:02  Marine  
  89  7:03  Siege Tank  
  89  7:05  Marine  
  89  7:06  Marine  
  89  7:07  Marine  
  96  7:10  Terran Infantry Weapons Level 2  
  96  7:17  Marine x4  
  96  7:20  Marine, Supply Depot  
  96  7:21  Supply Depot  
  101  7:23  Missile Turret, Terran Infantry Armor Level 2  
  101  7:24  Marine x2  
  101  7:25  SCV x2  
  105  7:30  Barracks Reactor  
  105  7:34  Unknown  
  105  7:35  Marine x4  
  101  7:37  SCV x2  
  101  7:38  Marine  
  94  7:44  Marine x2  
  94  7:49  Medivac x2  
  94  7:50  Orbital Command  
  100  7:53  Marine x4, SCV x2  
  106  7:59  Terran Vehicle Weapons Level 1  
  106  8:02  Marine x3  
  106  8:05  SCV x2  
  111  8:08  Bunker  
  111  8:16  Refinery, SCV  
  111  8:17  Refinery  
  111  8:19  Missile Turret, SCV, Medivac x2  
  117  8:23  Marine, Marauder  
  117  8:24  Marine  
  117  8:26  Marine  
  122  8:27  Marine x3  
  122  8:28  Marine x2  
  122  8:33  Siege Tank  
  130  8:38  Supply Depot  
  130  8:41  Supply Depot  
  130  8:45  Marauder  
  130  8:46  Marine  
  133  8:56  Marine  
  133  8:59  Marine x5, Unknown, Medivac x2  
  141  9:02  Marine  
  141  9:04  Marine  
  141  9:05  Siege Tank  
  141  9:06  Marauder  
  144  9:14  Marine  
  140  9:17  Marine x5  
  140  9:20  Marine  
  140  9:22  Marine  
  139  9:27  Marauder  
  139  9:29  Medivac x2  
  144  9:32  Marine  
  144  9:34  Marine x4  
  144  9:35  Marine  
  149  9:39  Marine  
  149  9:41  Marine  
  147  9:46  Supply Depot  
  147  9:47  Supply Depot  
  147  9:49  Marauder  
  147  9:50  Marine, Siege Tank  
  147  9:52  Marine x4  
  157  10:06  Marine  
  157  10:07  Marine x2, Medivac x2  
  157  10:08  Marine  
  157  10:10  Marine x4, Marauder  
  164  10:20  Liberator  
  150  10:21  Terran Infantry Weapons Level 3  
  150  10:22  Siege Tank  
  150  10:24  Marine  
  150  10:25  Marine x3  
  150  10:28  Marine  
  153  10:31  Marine x3  
  153  10:32  Marauder  
  159  10:35  Missile Turret  
  159  10:42  Marine  
  163  10:43  Marine x3  
  163  10:46  Marine  
  163  10:49  Marine x3  
  170  10:52  Missile Turret  
  170  10:53  Marauder  
  172  10:59  Terran Vehicle Weapons Level 2  
  172  11:15  Marine  
  173  11:21  Supply Depot  
  173  11:25  Supply Depot  
  173  11:29  Liberator  
  173  11:31  Missile Turret  
  173  11:34  Liberator  
  173  11:42  Marine x2  
  173  11:43  Marine x4, Marauder  
  173  11:46  Marine x2, Siege Tank  
  189  11:49  Supply Depot  
  189  11:50  Supply Depot  
  186  12:00  Marine x2  
  184  12:02  Marine x4  
  184  12:04  Concussive Shells, Marine  
  189  12:10  Marine  
  189  12:11  Marauder  
  192  12:18  Marine x2, Siege Tank  
  192  12:19  Unknown x4  
  192  12:21  Marine x4  
  192  12:22  Marine  
  199  12:28  Marine  
  199  12:35  Marine  
  199  12:36  Marine x2  
  195  12:38  Marine  
  195  12:39  Marine x4  
  193  12:46  Marine  
  193  12:52  Marine  
  193  12:54  Marine x2  
  193  12:56  Marine  
  193  12:57  Marine x2, Siege Tank  
  199  13:04  Marine x3  
  199  13:12  Marine x2  

Tags
 
Add a new tag
Caveats
  • Supply blocks, unpowered buildings, or Contaminate may cause inaccurate times.
  • Supply counts are checked every 10 seconds.